Senators vs Islanders

Created - January 25, 2024 at 21:15

Goals
1 2 3 T
Senators 1 0 0 1
Islanders 1 3 1 5
Shots
1 2 3 T
Senators 8 8 3 19
Islanders 7 11 14 32

GoalsPenalties
1st period
1. Senators , Nikita Kucherov 22 (Joel Eriksson Ek 18) at 8:00
2. Islanders , Matt Duchene 15 (Brent Burns 27, Jake Guentzel 15) at 17:09
Neal Pionk (NYI) for Diving (Minor) at 14:38
2nd period
3. Islanders , Brent Burns 6 (Jon Marchessault 20, Ville Husso) at 8:45 (PP)
4. Islanders , Chandler Stephenson 10 (Shea Theodore 24, Brent Burns 28) at 10:41 (PP)
5. Islanders , Pavel Buchnevich 9 (Neal Pionk 16, Chandler Stephenson 18) at 13:51
Brent Burns (NYI) for Hooking (Minor) at 1:34
K'Andre Miller (OTT) for Boarding (Minor) at 6:48
Luke Glendening (OTT) for Holding (Minor) at 9:10
Neal Pionk (NYI) for Hooking (Minor) at 14:41
Mason Marchment (NYI) for Roughing (Minor) at 18:20
3rd period
6. Islanders , Matt Duchene 16 (Jake Guentzel 16, Juuso Valimaki 1) at 14:33
Adam Lowry (OTT) for Delaying the game (Minor) at 3:04
Anthony Cirelli (OTT) for Roughing (Minor) at 7:04
Jon Marchessault (NYI) for Roughing (Minor) at 10:07
Joel Eriksson Ek (OTT) for Hooking (Minor) at 16:20
Goalie Stats
Igor Shesterkin (OTT), 15 saves from 16 shots - (0.938), 26:09 minutes
Semyon Varlamov (OTT), 12 saves from 16 shots - (0.750), L, 16-7-2, 33:51 minutes
Ville Husso (NYI), 18 saves from 19 shots - (0.947), W, 19-10-1, 60:00 minutes
3 StarsOfficial
1 - Matt Duchene (NYI)
2 - Brent Burns (NYI)
3 - Chandler Stephenson (NYI)
Referees : TJ Luxmore and Beaudry Halkidis
Linesman : Brad Kovachik and Jim Harper
Game Note
Igor Shesterkin enters game at 13:51 of 2nd period
Finance
Level 1 -- Attendance: 6000 (100.00%) -- Ticket Income $720,000
Level 2 -- Attendance: 3701 (74.02%) -- Ticket Income $370,100
Level 3 -- Attendance: 1925 (96.25%) -- Ticket Income $173,250
Level 4 -- Attendance: 1484 (82.67%) -- Ticket Income $96,460
Luxury Box -- Attendance: 992 (99.20%) -- Ticket Income $223,200
Game was played at the Barclays Center.
Total Attendance: 14102 (89.28%)
Total Ticket Income: $1,583,010
Other Income: $395,752
Total Income: $1,978,762



Team Name Goals Shots Shots Attemp Shots Blocked PIM HIT PP PK FO%
Senators 11939610160 / 5 (0%)245%
Islanders 53253510242 / 5 (40%)055%

Senators
Player Name POS G A P +/- PIM HIT SHT SB MP PP MP PP SHT PK MP PK SHT FO% FOT
Adam LowryC000-2201213:140:0004:15025% 8
Andrew CoppC0000003119:564:1713:07050% 22
Anthony CirelliC0000232021:144:1704:2610% 1
Brock McGinnLW0000010011:501:1304:2500% 0
Christian DvorakC000-2000110:380:4800:50038% 8
Connor CliftonD0001030016:230:4803:4500% 0
Erik JohnsonD000-2010017:130:4801:5600% 0
Jake WalmanD0001002016:394:1720:3200% 0
Joel Eriksson EkC0110204017:454:5020:00048% 25
K'Andre MillerD000-2220122:424:1703:5700% 0
Luke GlendeningC000022108:260:4801:27067% 9
Matty BeniersC0000010018:015:2900:00050% 2
Nikita KucherovRW1010002017:464:5000:0000% 1
Noah HanifinD000-1000023:484:5004:3700% 0
Pius SuterC000001006:120:0000:0000% 0
Rasmus AnderssonD000-1012023:344:5014:2300% 0
Sam GagnerC000-200019:000:0000:0000% 0
Scott LaughtonC0000012016:093:1310:0000% 1
Islanders
Player Name POS G A P +/- PIM HIT SHT SB MP PP MP PP SHT PK MP PK SHT FO% FOT
Brent BurnsD1231213223:235:3514:2400% 0
Chandler StephensonC1120023020:054:5613:07045% 22
Jake GuentzelLW0222012018:194:2900:0000% 0
Jean-Gabriel PageauC0000012114:560:0006:48072% 25
Jon MarchessaultLW/RW0112225018:454:5610:0000% 0
Jujhar KhairaLW000002009:330:0002:5300% 0
Justin HollD0000020016:390:0003:0600% 0
Juuso ValimakiD0111020011:470:0000:2500% 0
Kevin RooneyC000000107:550:0001:15144% 9
Kyle PalmieriC000000208:080:0000:0000% 0
Mason MarchmentLW000023108:070:0000:0000% 0
Matt DucheneC2022004018:194:2920:00047% 17
Michael BuntingLW0000012016:584:5610:000100% 1
Neal PionkD0110410121:413:5002:0000% 0
Pavel BuchnevichLW1010032016:314:2910:000100% 1
Shayne GostisbehereD0001001021:423:5014:1000% 0
Shea TheodoreD0111002124:455:3515:4500% 0
Tanner JeannotLW0000032012:270:0005:4700% 2



Play-by-Play

1st period


0:01 of 1st period - Joel Eriksson Ek wins face-off versus Matt Duchene in neutral zone.
0:53 of 1st period - Icing by Rasmus Andersson.
0:54 of 1st period - Chandler Stephenson wins face-off versus Joel Eriksson Ek in Senators zone.
2:13 of 1st period - Juuso Valimaki is hit by Anthony Cirelli and loses puck.
2:38 of 1st period - Off-side.
2:39 of 1st period - Kevin Rooney wins face-off versus Luke Glendening in neutral zone.
2:41 of 1st period - Shea Theodore is hit by Connor Clifton and loses puck.
5:12 of 1st period - Shot by Andrew Copp.
5:12 of 1st period - Shot Misses the Net.
5:14 of 1st period - Shot by Andrew Copp.
5:14 of 1st period - Stopped by Ville Husso with a rebound.
5:16 of 1st period - Shot by Rasmus Andersson.
5:16 of 1st period - Stopped by Ville Husso without a rebound.
5:17 of 1st period - Jean-Gabriel Pageau wins face-off versus Joel Eriksson Ek in Islanders zone.
5:21 of 1st period - Shayne Gostisbehere is hit by Rasmus Andersson and loses puck.
5:53 of 1st period - Shot by Jean-Gabriel Pageau.
5:53 of 1st period - Stopped by Semyon Varlamov without a rebound.
5:54 of 1st period - Andrew Copp wins face-off versus Chandler Stephenson in Senators zone.
5:59 of 1st period - Anthony Cirelli is hit by Michael Bunting and loses puck.
6:16 of 1st period - Shot by Shea Theodore.
6:16 of 1st period - Deflect By Pavel Buchnevich.
6:16 of 1st period - Shot Misses the Net.
6:18 of 1st period - Shot by Pavel Buchnevich.
6:18 of 1st period - Shot Blocked by Andrew Copp.
7:28 of 1st period - Shot by Tanner Jeannot.
7:28 of 1st period - Stopped by Semyon Varlamov without a rebound.
7:29 of 1st period - Jean-Gabriel Pageau wins face-off versus Christian Dvorak in Senators zone.
7:33 of 1st period - Icing by Noah Hanifin.
7:34 of 1st period - Jean-Gabriel Pageau wins face-off versus Christian Dvorak in Senators zone.
7:54 of 1st period - Shot by Adam Lowry.
7:54 of 1st period - Stopped by Ville Husso without a rebound.
7:55 of 1st period - Joel Eriksson Ek wins face-off versus Chandler Stephenson in Islanders zone.
8:00 of 1st period - Shot by Joel Eriksson Ek.
8:00 of 1st period - Deflect By Nikita Kucherov.
8:00 of 1st period - Goal by Nikita Kucherov - Senators : 1 - Islanders : 0.
8:01 of 1st period - Chandler Stephenson wins face-off versus Joel Eriksson Ek in neutral zone.
8:11 of 1st period - Icing by Chandler Stephenson.
8:12 of 1st period - Christian Dvorak wins face-off versus Chandler Stephenson in Islanders zone.
8:16 of 1st period - Icing by Pavel Buchnevich.
8:17 of 1st period - Joel Eriksson Ek wins face-off versus Chandler Stephenson in Islanders zone.
8:31 of 1st period - Icing by Justin Holl.
8:32 of 1st period - Chandler Stephenson wins face-off versus Christian Dvorak in Islanders zone.
9:21 of 1st period - Christian Dvorak is hit by Jon Marchessault and loses puck.
9:47 of 1st period - Shot by Shea Theodore.
9:47 of 1st period - Shot Blocked by Adam Lowry.
9:57 of 1st period - Shot by Jon Marchessault.
9:57 of 1st period - Shot Blocked by Sam Gagner.
9:59 of 1st period - Shot by Brent Burns.
9:59 of 1st period - Stopped by Semyon Varlamov without a rebound.
10:00 of 1st period - Jean-Gabriel Pageau wins face-off versus Joel Eriksson Ek in Senators zone.
10:30 of 1st period - Shot by Joel Eriksson Ek.
10:30 of 1st period - Shot Misses the Net.
10:32 of 1st period - Shot by Scott Laughton.
10:32 of 1st period - Shot Misses the Net.
10:34 of 1st period - Shot by Scott Laughton.
10:34 of 1st period - Shot Misses the Net.
10:36 of 1st period - Shot by Nikita Kucherov.
10:36 of 1st period - Stopped by Ville Husso without a rebound.
10:37 of 1st period - Andrew Copp wins face-off versus Kevin Rooney in Islanders zone.
10:37 of 1st period - Anthony Cirelli is hit by Justin Holl and loses puck.
10:47 of 1st period - Matty Beniers is hit by Juuso Valimaki.
10:57 of 1st period - Shot by Matty Beniers.
10:57 of 1st period - Shot Misses the Net.
10:59 of 1st period - Shot by Anthony Cirelli.
10:59 of 1st period - Deflect By Andrew Copp.
10:59 of 1st period - Stopped by Ville Husso without a rebound.
11:00 of 1st period - Matt Duchene wins face-off versus Luke Glendening in Islanders zone.
11:00 of 1st period - Matt Duchene is hit by Brock McGinn.
11:08 of 1st period - Shot by Jon Marchessault.
11:08 of 1st period - Stopped by Semyon Varlamov without a rebound.
11:09 of 1st period - Andrew Copp wins face-off versus Matt Duchene in Senators zone.
11:42 of 1st period - Shot by Matt Duchene.
11:42 of 1st period - Deflect By Jon Marchessault.
11:42 of 1st period - Stopped by Semyon Varlamov with a rebound.
12:04 of 1st period - Off-side.
12:05 of 1st period - Joel Eriksson Ek wins face-off versus Jean-Gabriel Pageau in neutral zone.
12:50 of 1st period - Shot by Jean-Gabriel Pageau.
12:50 of 1st period - Shot Misses the Net.
14:22 of 1st period - Shot by Jon Marchessault.
14:22 of 1st period - Stopped by Semyon Varlamov without a rebound.
14:23 of 1st period - Luke Glendening wins face-off versus Kevin Rooney in Senators zone.
14:23 of 1st period - Luke Glendening is hit by Tanner Jeannot.
14:34 of 1st period - Off-side.
14:35 of 1st period - Andrew Copp wins face-off versus Jean-Gabriel Pageau in neutral zone.
14:35 of 1st period - Andrew Copp is hit by Jean-Gabriel Pageau.
14:38 of 1st period - Minor Penalty to Neal Pionk for Diving.
14:39 of 1st period - Andrew Copp wins face-off versus Jean-Gabriel Pageau in Islanders zone.
15:04 of 1st period - Shot by Andrew Copp.
15:04 of 1st period - Stopped by Ville Husso without a rebound.
15:05 of 1st period - Jean-Gabriel Pageau wins face-off versus Andrew Copp in Islanders zone.
16:36 of 1st period - Anthony Cirelli is hit by Jujhar Khaira and loses puck.
16:59 of 1st period - Shot by Matt Duchene.
16:59 of 1st period - Shot Misses the Net.
17:09 of 1st period - Shot by Matt Duchene.
17:09 of 1st period - Goal by Matt Duchene - Senators : 1 - Islanders : 1.
17:10 of 1st period - Luke Glendening wins face-off versus Jean-Gabriel Pageau in neutral zone.
17:23 of 1st period - Shot by Brock McGinn.
17:23 of 1st period - Shot Blocked by Jean-Gabriel Pageau.
17:38 of 1st period - Jean-Gabriel Pageau is hit by Luke Glendening and loses puck.
17:51 of 1st period - Anthony Cirelli is hit by Mason Marchment and loses puck.
17:55 of 1st period - Icing by Anthony Cirelli.
17:56 of 1st period - Matt Duchene wins face-off versus Andrew Copp in Senators zone.
18:08 of 1st period - Off-side.
18:09 of 1st period - Joel Eriksson Ek wins face-off versus Chandler Stephenson in neutral zone.
18:49 of 1st period - Shot by Joel Eriksson Ek.
18:49 of 1st period - Shot Misses the Net.
18:51 of 1st period - Shot by Joel Eriksson Ek.
18:51 of 1st period - Stopped by Ville Husso without a rebound.
18:52 of 1st period - Andrew Copp wins face-off versus Matt Duchene in Islanders zone.
19:18 of 1st period - Jake Guentzel is hit by K'Andre Miller and loses puck.
19:31 of 1st period - Jon Marchessault is hit by Anthony Cirelli and loses puck.
19:53 of 1st period - Jake Guentzel is hit by Pius Suter and loses puck.
Goals for this period are 1 for Senators vs 1 for Islanders.
Shots for this period are 8 for Senators vs 7 for Islanders.

2nd period


0:01 of 2nd period - Andrew Copp wins face-off versus Chandler Stephenson in neutral zone.
0:04 of 2nd period - Shot by Anthony Cirelli.
0:04 of 2nd period - Stopped by Ville Husso with a rebound.
0:29 of 2nd period - Andrew Copp is hit by Pavel Buchnevich and loses puck.
0:40 of 2nd period - Shot by Shea Theodore.
0:40 of 2nd period - Stopped by Semyon Varlamov without a rebound.
0:41 of 2nd period - Luke Glendening wins face-off versus Kevin Rooney in Senators zone.
1:24 of 2nd period - Tanner Jeannot is hit by Connor Clifton and loses puck.
1:34 of 2nd period - Minor Penalty to Brent Burns for Hooking.
1:35 of 2nd period - Jean-Gabriel Pageau wins face-off versus Joel Eriksson Ek in Islanders zone.
1:41 of 2nd period - Icing by Rasmus Andersson.
1:42 of 2nd period - Matty Beniers wins face-off versus Tanner Jeannot in Senators zone.
2:03 of 2nd period - Shot by Matty Beniers.
2:03 of 2nd period - Shot Misses the Net.
2:05 of 2nd period - Shot by Joel Eriksson Ek.
2:05 of 2nd period - Stopped by Ville Husso without a rebound.
2:06 of 2nd period - Jean-Gabriel Pageau wins face-off versus Andrew Copp in Islanders zone.
2:06 of 2nd period - Jean-Gabriel Pageau is hit by Scott Laughton.
2:24 of 2nd period - Shot by Jake Walman.
2:24 of 2nd period - Stopped by Ville Husso without a rebound.
2:25 of 2nd period - Jean-Gabriel Pageau wins face-off versus Joel Eriksson Ek in Islanders zone.
2:54 of 2nd period - Shot by Rasmus Andersson.
2:54 of 2nd period - Stopped by Ville Husso with a rebound.
3:18 of 2nd period - Icing by Joel Eriksson Ek.
3:19 of 2nd period - Jean-Gabriel Pageau wins face-off versus Joel Eriksson Ek in Senators zone.
3:32 of 2nd period - Shot by Kevin Rooney.
3:32 of 2nd period - Stopped by Semyon Varlamov without a rebound.
3:33 of 2nd period - Chandler Stephenson wins face-off versus Andrew Copp in Senators zone.
4:35 of 2nd period - Shot by Jake Walman.
4:35 of 2nd period - Shot Blocked by Shea Theodore.
4:37 of 2nd period - Shot by Luke Glendening.
4:37 of 2nd period - Deflect By Pius Suter.
4:37 of 2nd period - Shot Misses the Net.
4:39 of 2nd period - Shot by Luke Glendening.
4:39 of 2nd period - Stopped by Ville Husso without a rebound.
4:40 of 2nd period - Michael Bunting wins face-off versus Andrew Copp in Islanders zone.
4:58 of 2nd period - Shot by Matty Beniers.
4:58 of 2nd period - Shot Misses the Net.
5:08 of 2nd period - Shot by Anthony Cirelli.
5:08 of 2nd period - Shot Blocked by Neal Pionk.
6:28 of 2nd period - Shot by Mason Marchment.
6:28 of 2nd period - Stopped by Semyon Varlamov without a rebound.
6:29 of 2nd period - Luke Glendening wins face-off versus Matt Duchene in Senators zone.
6:41 of 2nd period - Matt Duchene is hit by K'Andre Miller.
6:46 of 2nd period - Matt Duchene is hit by Erik Johnson and loses puck.
6:48 of 2nd period - Minor Penalty to K'Andre Miller for Boarding.
6:49 of 2nd period - Matt Duchene wins face-off versus Adam Lowry in Senators zone.
6:50 of 2nd period - Shot by Shea Theodore.
6:50 of 2nd period - Shot Misses the Net.
7:10 of 2nd period - Shot by Pavel Buchnevich.
7:10 of 2nd period - Stopped by Semyon Varlamov without a rebound.
7:11 of 2nd period - Adam Lowry wins face-off versus Chandler Stephenson in Senators zone.
8:45 of 2nd period - Shot by Brent Burns.
8:45 of 2nd period - Goal by Brent Burns - Senators : 1 - Islanders : 2.
8:46 of 2nd period - Jean-Gabriel Pageau wins face-off versus Nikita Kucherov in neutral zone.
9:06 of 2nd period - Shot by Joel Eriksson Ek.
9:06 of 2nd period - Stopped by Ville Husso without a rebound.
9:07 of 2nd period - Kevin Rooney wins face-off versus Luke Glendening in Islanders zone.
9:07 of 2nd period - Kevin Rooney is hit by Luke Glendening.
9:10 of 2nd period - Minor Penalty to Luke Glendening for Holding.
9:11 of 2nd period - Matt Duchene wins face-off versus Adam Lowry in Senators zone.
10:09 of 2nd period - Icing by Chandler Stephenson.
10:10 of 2nd period - Chandler Stephenson wins face-off versus Andrew Copp in Islanders zone.
10:41 of 2nd period - Shot by Chandler Stephenson.
10:41 of 2nd period - Goal by Chandler Stephenson - Senators : 1 - Islanders : 3.
10:42 of 2nd period - Jean-Gabriel Pageau wins face-off versus Joel Eriksson Ek in neutral zone.
10:45 of 2nd period - Scott Laughton is hit by Mason Marchment and loses puck.
10:58 of 2nd period - Shot by Jean-Gabriel Pageau.
10:58 of 2nd period - Shot Misses the Net.
11:16 of 2nd period - Shot by Joel Eriksson Ek.
11:16 of 2nd period - Shot Misses the Net.
11:36 of 2nd period - Icing by Nikita Kucherov.
11:37 of 2nd period - Matt Duchene wins face-off versus Joel Eriksson Ek in Senators zone.
12:46 of 2nd period - Shot by Michael Bunting.
12:46 of 2nd period - Stopped by Semyon Varlamov without a rebound.
12:47 of 2nd period - Christian Dvorak wins face-off versus Kevin Rooney in Senators zone.
13:41 of 2nd period - Shot by Chandler Stephenson.
13:41 of 2nd period - Shot Misses the Net.
13:43 of 2nd period - Shot by Pavel Buchnevich.
13:43 of 2nd period - Shot Blocked by Christian Dvorak.
13:45 of 2nd period - Shot by Chandler Stephenson.
13:45 of 2nd period - Stopped by Semyon Varlamov with a rebound.
13:47 of 2nd period - Shot by Pavel Buchnevich.
13:47 of 2nd period - Shot Blocked by K'Andre Miller.
13:51 of 2nd period - Shot by Pavel Buchnevich.
13:51 of 2nd period - Goal by Pavel Buchnevich - Senators : 1 - Islanders : 4.
13:51 of 2nd period - Igor Shesterkin enters game.
13:52 of 2nd period - Andrew Copp wins face-off versus Matt Duchene in neutral zone.
14:21 of 2nd period - Shot by Brent Burns.
14:21 of 2nd period - Stopped by Igor Shesterkin without a rebound.
14:22 of 2nd period - Joel Eriksson Ek wins face-off versus Chandler Stephenson in Senators zone.
14:22 of 2nd period - Joel Eriksson Ek is hit by Pavel Buchnevich.
14:41 of 2nd period - Minor Penalty to Neal Pionk for Hooking.
14:42 of 2nd period - Jean-Gabriel Pageau wins face-off versus Andrew Copp in Islanders zone.
15:09 of 2nd period - Shot by Scott Laughton.
15:09 of 2nd period - Stopped by Ville Husso without a rebound.
15:10 of 2nd period - Joel Eriksson Ek wins face-off versus Tanner Jeannot in Islanders zone.
15:55 of 2nd period - Shot by Nikita Kucherov.
15:55 of 2nd period - Shot Misses the Net.
17:26 of 2nd period - Icing by Shayne Gostisbehere.
17:27 of 2nd period - Matt Duchene wins face-off versus Christian Dvorak in Islanders zone.
17:47 of 2nd period - Icing by Brent Burns.
17:48 of 2nd period - Chandler Stephenson wins face-off versus Andrew Copp in Islanders zone.
17:53 of 2nd period - Rasmus Andersson is hit by Pavel Buchnevich and loses puck.
18:01 of 2nd period - Icing by Anthony Cirelli.
18:02 of 2nd period - Jean-Gabriel Pageau wins face-off versus Andrew Copp in Senators zone.
18:19 of 2nd period - Shot by Jean-Gabriel Pageau.
18:19 of 2nd period - Stopped by Igor Shesterkin with a rebound.
18:20 of 2nd period - Minor Penalty to Mason Marchment for Roughing.
18:21 of 2nd period - Jean-Gabriel Pageau wins face-off versus Matty Beniers in Islanders zone.
18:21 of 2nd period - Jean-Gabriel Pageau is hit by Matty Beniers.
18:33 of 2nd period - Shot by K'Andre Miller.
18:33 of 2nd period - Shot Blocked by Brent Burns.
18:40 of 2nd period - Icing by K'Andre Miller.
18:41 of 2nd period - Joel Eriksson Ek wins face-off versus Jean-Gabriel Pageau in Senators zone.
18:52 of 2nd period - Shot by Joel Eriksson Ek.
18:52 of 2nd period - Deflect By Matty Beniers.
18:52 of 2nd period - Shot Misses the Net.
18:54 of 2nd period - Shot by Joel Eriksson Ek.
18:54 of 2nd period - Stopped by Ville Husso without a rebound.
18:55 of 2nd period - Jean-Gabriel Pageau wins face-off versus Scott Laughton in Islanders zone.
19:20 of 2nd period - Anthony Cirelli is hit by Neal Pionk and loses puck.
19:52 of 2nd period - Icing by K'Andre Miller.
19:53 of 2nd period - Jean-Gabriel Pageau wins face-off versus Joel Eriksson Ek in Senators zone.
Goals for this period are 0 for Senators vs 3 for Islanders.
Shots for this period are 8 for Senators vs 11 for Islanders.

3rd period


0:01 of 3rd period - Joel Eriksson Ek wins face-off versus Jean-Gabriel Pageau in neutral zone.
0:06 of 3rd period - Shot by Jake Walman.
0:06 of 3rd period - Stopped by Ville Husso without a rebound.
0:07 of 3rd period - Joel Eriksson Ek wins face-off versus Jean-Gabriel Pageau in Islanders zone.
0:07 of 3rd period - K'Andre Miller is hit by Brent Burns and loses puck.
0:21 of 3rd period - Nikita Kucherov is hit by Juuso Valimaki.
0:31 of 3rd period - Shot by Pavel Buchnevich.
0:31 of 3rd period - Shot Misses the Net.
0:33 of 3rd period - Shot by Pavel Buchnevich.
0:33 of 3rd period - Deflect By Chandler Stephenson.
0:33 of 3rd period - Shot Misses the Net.
0:35 of 3rd period - Shot by Chandler Stephenson.
0:35 of 3rd period - Stopped by Igor Shesterkin without a rebound.
0:36 of 3rd period - Joel Eriksson Ek wins face-off versus Matt Duchene in Senators zone.
0:51 of 3rd period - Shot by Scott Laughton.
0:51 of 3rd period - Shot Blocked by Brent Burns.
0:53 of 3rd period - Shot by K'Andre Miller.
0:53 of 3rd period - Shot Misses the Net.
0:57 of 3rd period - Shot by Joel Eriksson Ek.
0:57 of 3rd period - Shot Misses the Net.
0:59 of 3rd period - Shot by Scott Laughton.
0:59 of 3rd period - Stopped by Ville Husso without a rebound.
1:00 of 3rd period - Andrew Copp wins face-off versus Chandler Stephenson in Islanders zone.
2:46 of 3rd period - Erik Johnson is hit by Jake Guentzel and loses puck.
3:04 of 3rd period - Minor Penalty to Adam Lowry for Delaying the game.
3:05 of 3rd period - Chandler Stephenson wins face-off versus Andrew Copp in Senators zone.
3:22 of 3rd period - Shot by Neal Pionk.
3:22 of 3rd period - Shot Misses the Net.
5:36 of 3rd period - Off-side.
5:37 of 3rd period - Kevin Rooney wins face-off versus Christian Dvorak in neutral zone.
5:42 of 3rd period - Shot by Jujhar Khaira.
5:42 of 3rd period - Shot Misses the Net.
5:56 of 3rd period - Adam Lowry is hit by Tanner Jeannot and loses puck.
6:50 of 3rd period - K'Andre Miller is hit by Chandler Stephenson.
6:58 of 3rd period - Chandler Stephenson is hit by Anthony Cirelli and loses puck.
7:04 of 3rd period - Minor Penalty to Anthony Cirelli for Roughing.
7:05 of 3rd period - Matt Duchene wins face-off versus Andrew Copp in Senators zone.
7:14 of 3rd period - Shot by Matt Duchene.
7:14 of 3rd period - Stopped by Igor Shesterkin without a rebound.
7:15 of 3rd period - Chandler Stephenson wins face-off versus Adam Lowry in Senators zone.
7:16 of 3rd period - Shot by Michael Bunting.
7:16 of 3rd period - Stopped by Igor Shesterkin without a rebound.
7:17 of 3rd period - Chandler Stephenson wins face-off versus Adam Lowry in Senators zone.
7:34 of 3rd period - Shot by Brent Burns.
7:34 of 3rd period - Shot Blocked by Adam Lowry.
7:58 of 3rd period - Shot by Jon Marchessault.
7:58 of 3rd period - Stopped by Igor Shesterkin with a rebound.
8:44 of 3rd period - Shot by Neal Pionk.
8:44 of 3rd period - Shot Misses the Net.
8:46 of 3rd period - Shot by Neal Pionk.
8:46 of 3rd period - Shot Misses the Net.
8:48 of 3rd period - Shot by Shayne Gostisbehere.
8:48 of 3rd period - Stopped by Igor Shesterkin with a rebound.
8:50 of 3rd period - Shot by Matt Duchene.
8:50 of 3rd period - Stopped by Igor Shesterkin without a rebound.
8:51 of 3rd period - Chandler Stephenson wins face-off versus Adam Lowry in Senators zone.
9:14 of 3rd period - Scott Laughton is hit by Mason Marchment and loses puck.
9:19 of 3rd period - Shot by Kyle Palmieri.
9:19 of 3rd period - Shot Misses the Net.
9:21 of 3rd period - Shot by Kyle Palmieri.
9:21 of 3rd period - Stopped by Igor Shesterkin without a rebound.
9:22 of 3rd period - Kevin Rooney wins face-off versus Anthony Cirelli in Senators zone.
10:05 of 3rd period - Shot by Tanner Jeannot.
10:05 of 3rd period - Stopped by Igor Shesterkin without a rebound.
10:06 of 3rd period - Joel Eriksson Ek wins face-off versus Matt Duchene in Senators zone.
10:06 of 3rd period - Nikita Kucherov is hit by Jon Marchessault and loses puck.
10:07 of 3rd period - Minor Penalty to Jon Marchessault for Roughing.
10:08 of 3rd period - Jean-Gabriel Pageau wins face-off versus Joel Eriksson Ek in Islanders zone.
12:16 of 3rd period - Off-side.
12:17 of 3rd period - Luke Glendening wins face-off versus Matt Duchene in neutral zone.
12:23 of 3rd period - Icing by Justin Holl.
12:24 of 3rd period - Luke Glendening wins face-off versus Matt Duchene in Islanders zone.
12:24 of 3rd period - Jake Walman is hit by Justin Holl and loses puck.
12:33 of 3rd period - Shot by Matt Duchene.
12:33 of 3rd period - Shot Misses the Net.
12:35 of 3rd period - Shot by Jon Marchessault.
12:35 of 3rd period - Shot Misses the Net.
12:37 of 3rd period - Shot by Jake Guentzel.
12:37 of 3rd period - Stopped by Igor Shesterkin without a rebound.
12:38 of 3rd period - Christian Dvorak wins face-off versus Chandler Stephenson in Senators zone.
12:38 of 3rd period - Christian Dvorak is hit by Chandler Stephenson.
13:38 of 3rd period - Shot by Jake Guentzel.
13:38 of 3rd period - Stopped by Igor Shesterkin without a rebound.
13:39 of 3rd period - Jean-Gabriel Pageau wins face-off versus Joel Eriksson Ek in Senators zone.
14:01 of 3rd period - Icing by K'Andre Miller.
14:02 of 3rd period - Matt Duchene wins face-off versus Joel Eriksson Ek in Senators zone.
14:33 of 3rd period - Shot by Matt Duchene.
14:33 of 3rd period - Goal by Matt Duchene - Senators : 1 - Islanders : 5.
14:34 of 3rd period - Andrew Copp wins face-off versus Chandler Stephenson in neutral zone.
15:43 of 3rd period - Shot by Jon Marchessault.
15:43 of 3rd period - Stopped by Igor Shesterkin with a rebound.
16:20 of 3rd period - Minor Penalty to Joel Eriksson Ek for Hooking.
16:21 of 3rd period - Adam Lowry wins face-off versus Chandler Stephenson in Senators zone.
16:40 of 3rd period - Shot by Shea Theodore.
16:40 of 3rd period - Stopped by Igor Shesterkin without a rebound.
16:41 of 3rd period - Pavel Buchnevich wins face-off versus Adam Lowry in Senators zone.
17:46 of 3rd period - Shot by Anthony Cirelli.
17:46 of 3rd period - Stopped by Ville Husso with a rebound.
18:08 of 3rd period - Shea Theodore is hit by Connor Clifton and loses puck.
18:41 of 3rd period - Shot by Kyle Palmieri.
18:41 of 3rd period - Stopped by Igor Shesterkin without a rebound.
18:42 of 3rd period - Andrew Copp wins face-off versus Kevin Rooney in Senators zone.
19:14 of 3rd period - Shot by Anthony Cirelli.
19:14 of 3rd period - Deflect By Matty Beniers.
19:14 of 3rd period - Shot Misses the Net.
19:22 of 3rd period - Anthony Cirelli is hit by Jujhar Khaira and loses puck.
19:26 of 3rd period - Connor Clifton is hit by Tanner Jeannot and loses puck.
Goals for this period are 0 for Senators vs 1 for Islanders.
Shots for this period are 3 for Senators vs 14 for Islanders.